 Dungeon Crawl Stone Soup version 0.24.1-14-gf8d2b509d9 (webtiles) character file.

Game seed: 6884027764122462685, levelgen mode: deterministic

21966 mortelune the Reanimator (level 12, -3/97 HPs)
             Began as a Mummy Necromancer on Oct 4, 2020.
             Was an Initiate of Gozag.
             Slain by a torpor snail (12 damage)
             ... on level 3 of the Lair of Beasts.
             The game lasted 00:44:45 (21159 turns).

mortelune the Reanimator (Mummy Necromancer)       Turns: 21159, Time: 00:44:46

Health: -3/97      AC: 10    Str: 14    XL:     12   Next: 58%
Magic:  10/30      EV: 16    Int: 16    God:    Gozag
Gold:   1399       SH:  4    Dex: 13    Spells: 14/23 levels left

rFire    . . .     SeeInvis .   j - +1 long sword (elec)
rCold    + . .     Gourm    .   p - +0 buckler
rNeg     + + +     Faith    .   h - +0 steam dragon scales
rPois    ∞         Spirit   .   r - +0 helmet
rElec    .         Reflect  .   b - +0 cloak
rCorr    .         Harm     .   (no gloves)
MR       +....                  c - +2 pair of boots
Stlth    ++........             (no amulet)
HPRegen  0.26/turn              F - ring of protection from fire
MPRegen  0.22/turn              s - ring of magical power (curse)

@: slowed, very slow
A: no food or potions, fire vulnerability, cold resistance 1, negative energy
resistance 3, torment resistance, unbreathing
a: Potion Petition, Call Merchant, Bribe Branch, Renounce Religion


You were on level 3 of the Lair of Beasts.
You worshipped Gozag.
Gozag was most pleased with you.
You were not hungry.

You visited 3 branches of the dungeon, and saw 16 of its levels.

You collected 2254 gold pieces.
You spent 81 gold pieces at shops.
You paid 774 gold pieces to Gozag.

Inventory:

Hand Weapons
 j - a +1 long sword of electrocution (weapon)
 k - a +0 trident of freezing
 l - a +2 dagger of draining
 o - a +0 dagger
Armour
 a - a +0 robe
 b - a +0 cloak (worn)
 c - a +2 pair of boots (worn)
 h - +0 steam dragon scales (worn)
 p - a +0 buckler (worn)
 r - a +0 helmet (worn)
 y - the +0 robe of the Fisher {+Inv rPois Regen+ Stlth+}
   (You found it on level 9 of the Dungeon)

   It protects you from poison.
   It lets you turn invisible.
   It increases your rate of regeneration.
   It makes you more stealthy.
Jewellery
 n - a +1 ring of protection
 s - a cursed ring of magical power (right hand)
 A - a +3 ring of evasion {unknown}
 D - an uncursed ring of ice {unknown}
 E - a +4 amulet of reflection {unknown}
 F - a ring of protection from fire (left hand)
 M - an uncursed ring of protection from magic
Wands
 m - a wand of enslavement (7)
 v - a wand of paralysis (7)
 w - a wand of iceblast (14)
Scrolls
 d - 3 scrolls of amnesia
 e - a scroll of fear
 f - 7 scrolls of fog
 g - a scroll of enchant weapon
 i - 3 scrolls of identify
 q - a scroll of random uselessness
 t - a scroll of teleportation
 u - 3 scrolls of remove curse
 x - a scroll of torment
 z - a scroll of magic mapping {unknown}
 B - 4 scrolls of blinking
 C - a scroll of silence {unknown}


   Skills:
 + Level 9.7 Fighting
 + Level 6.9 Long Blades
 + Level 8.0 Dodging
 - Level 1.5 Stealth
 + Level 2.1 Shields
 - Level 6.4 Spellcasting
 - Level 13.3 Necromancy


You had 14 spell levels left.
You knew the following spells:

 Your Spells              Type           Power        Failure   Level  Hunger
a - Pain                  Necr           ####         1%          1    N/A
b - Animate Skeleton      Necr           N/A          1%          1    N/A
c - Vampiric Draining     Necr           #####.....   1%          3    N/A
d - Animate Dead          Necr           N/A          1%          4    N/A

Your spell library contained the following spells:

 Spells                   Type           Power        Failure   Level  Hunger
 Regeneration             Chrm/Necr      Unusable     N/A         3    N/A

Dungeon Overview and Level Annotations

Branches:
Dungeon (11/15)            Temple (1/1) D:5            Lair (4/6) D:9
 Shoals (0/4) Lair:2       Spider (0/4) Lair:3          Orc (0/2) D:9

Altars:
Ashenzari
Cheibriados
Dithmenos
Elyvilon
Fedhas
Gozag
Hepliaklqana
Kikubaaqudgha
Makhleb
Nemelex Xobeh
Okawaru
Qazlal
Ru
Sif Muna
Trog
Uskayaw
Vehumet
Wu Jian
Xom
Yredelemnul
Zin
The Shining One

Shops:
D:7 *   D:9 (

Portals:
Trove: D:11 (give 6 scrolls of blinking)

Annotations:
D:2 1 runed translucent door, Crazy Yiuf
D:9 2 exclusions
Lair:1 Gastronok
Lair:3 exclusion: oklob plant


Innate Abilities, Weirdness & Mutations

You do not eat or drink.
Your flesh is vulnerable to fire.
You are immune to poison.
Your flesh is cold resistant. (rC+)
You are immune to negative energy. (rN+++)
You are immune to unholy pain and torment.
You can survive without breathing.


Message History

The torpor snail is severely wounded.
You feel life coursing into your body. The torpor snail bites you!!
The dream sheep bites you! You block the dream sheep's attack.
The torpor snail bites you!!
* * * LOW HITPOINT WARNING * * *
The dream sheep bites you but does no damage.
You climb upwards.
Level annotation: exclusion: oklob plant
There is a stone staircase leading down here.
Casting: Vampiric Draining (safe; 1% risk of failure)
Confirm with . or Enter, or press ? or * to list all spells.
Aiming: Vampiric Draining (safe; 1% risk of failure)
Press: ? - help, Shift-Dir - straight line, f - dream sheep
Aim: a dream sheep (lightly wounded)
The dream sheep is heavily wounded.
You feel life coursing into your body. The torpor snail bites you!!
* * * LOW HITPOINT WARNING * * *
You block the dream sheep's attack. The torpor snail bites you!
You die...
Your body crumbles into a pile of gold.

.....................P...........
.....P#.#.....#.#................
.........#...#.##.#..#P....#.....
.....##.............###P.#.###...
..#.####.#........!..##..........
....# ####.........####.........
....## #.......#.#.P#.#........#
.....#####.....w............##..#
....P..###....#Y@.....P.........#
.................................
...##........#!......###.........
#..##....#...#....(.## ####......
##.#.#......#....#.## #####....P.
.......)#...##..[..P###.#........
...##...#..#.##....###...#.....#.
.%.........##............#.>....#
..####.>........................#


You could see a torpor snail and a dream sheep.

Vanquished Creatures
  4 two-headed ogres
  A queen ant (Lair:2)
  Nergalle (D:9)
  Pikel (D:9)
  An ugly thing (D:11)
  A black mamba (Lair:2)
  2 merfolk sirens (Lair:2)
  2 spiny frogs
  A rime drake (Lair:2)
  A komodo dragon (Lair:2)
  2 merfolk (Lair:2)
  6 blink frogs
  2 hornets
  A troll (D:9)
  6 hippogriffs
  2 dream sheep (Lair:4)
  A spriggan (D:8)
  2 redbacks (Lair:3)
  11 yaks
  Grum (D:8)
  20 soldier ants (Lair:2)
  2 water moccasins
  4 porcupines
  2 ice beasts
  4 orc warriors
  2 sky beasts
  A hornet zombie (D:10)
  3 slaves (D:9)
  6 black bears
  3 necrophages
  2 ogres
  4 phantoms
  8 wolves
  5 centaurs
  6 bullfrogs
  5 scorpions
  19 killer bees
  5 wights
  3 howler monkeys
  2 crimson imps
  A centaur zombie (D:9)
  A bullfrog zombie (D:9)
  A quasit (D:6)
  A bullfrog skeleton (D:9)
  7 orc wizards
  2 jellies
  2 orc priests
  5 hounds
  Jessica (D:3)
  Natasha (D:2)
  3 centaur skeletons
  3 iguanas
  28 worker ants
  A killer bee zombie (D:7)
  A hound zombie (D:9)
  Robin (D:3)
  A worker ant zombie (D:10)
  3 gnolls
  A howler monkey skeleton (D:4)
  8 adders
  5 shadow imps
  2 oozes
  2 adder zombies
  9 leopard geckos
  32 orcs
  2 ball pythons (D:2)
  4 giant cockroaches
  18 goblins
  9 hobgoblins
  16 jackals
  6 quokkas
  5 bats
  3 frilled lizards
  8 kobolds
  2 quokka skeletons
  5 rats
  A fungus (D:2)
356 creatures vanquished.

Vanquished Creatures (collateral kills)
  An orc (D:4)
  A hobgoblin (D:3)
  2 jackals (D:3)
  2 frilled lizards (D:1)
6 creatures vanquished.

Vanquished Creatures (others)
  A slave (D:9)
  A fungus (D:11)
  2 plants (D:11)
4 creatures vanquished.

Grand Total: 366 creatures vanquished

Notes
Turn   | Place    | Note
-------+----------+-------------------------------------------
     0 | D:1      | mortelune the Mummy Necromancer began the quest for the
                  | Orb.
     0 | D:1      | Reached XP level 1. HP: 13/13 MP: 4/4
    44 | D:1      | Learned a level 1 spell: Animate Skeleton
   385 | D:1      | Reached XP level 2. HP: 13/20 MP: 1/5
  1141 | D:2      | Reached skill level 1 in Fighting
  1286 | D:2      | Reached XP level 3. HP: 22/26 MP: 0/7
  1559 | D:2      | Learned a level 3 spell: Vampiric Draining
  1993 | D:2      | Noticed Natasha
  1999 | D:2      | Killed Natasha
  1999 | D:2      | Reached skill level 5 in Necromancy
  1999 | D:2      | Reached XP level 4. HP: 32/32 MP: 1/9
  2298 | D:2      | Found a runed translucent door.
  2299 | D:2      | Noticed Crazy Yiuf
  2409 | D:3      | Learned a level 4 spell: Animate Dead
  3174 | D:3      | Reached XP level 5. HP: 38/38 MP: 5/10
  3417 | D:3      | Noticed Jessica
  3423 | D:3      | Killed Jessica
  3909 | D:3      | Noticed Robin
  3916 | D:3      | Killed Robin
  4528 | D:4      | Found a bloodstained altar of Trog.
  4540 | D:4      | Reached XP level 6. HP: 46/46 MP: 0/12
  4670 | D:4      | Found a hazy altar of Hepliaklqana.
  4697 | D:4      | Found an ancient bone altar of Kikubaaqudgha.
  4711 | D:4      | Reached skill level 6 in Necromancy
  4922 | D:4      | Found a blossoming altar of Fedhas.
  5761 | D:4      | Reached XP level 7. HP: 50/52 MP: 2/14
  6041 | D:5      | Entered Level 5 of the Dungeon
  6147 | D:5      | Reached skill level 5 in Spellcasting
  6494 | D:5      | Found a stormy altar of Qazlal.
  6723 | D:5      | Found a staircase to the Ecumenical Temple.
  6738 | Temple   | Entered the Ecumenical Temple
  6956 | Temple   | Became a worshipper of Gozag Ym Sagoz the Greedy
  7101 | D:6      | Reached skill level 7 in Necromancy
  7405 | D:6      | Reached XP level 8. HP: 40/60 MP: 16/16
  7639 | D:6      | Found a shimmering blue altar of Sif Muna.
  7723 | D:7      | Noticed a hippogriff
  7801 | D:6      | Killed a hippogriff
  8093 | D:6      | Reached skill level 8 in Necromancy
  8505 | D:6      | Found an opulent altar of Gozag.
  8697 | D:7      | Reached skill level 5 in Fighting
  8796 | D:7      | Reached skill level 1 in Long Blades
  9202 | D:7      | Reached XP level 9. HP: 68/68 MP: 13/18
  9403 | D:7      | Found Larasoxy's Assorted Antiques.
  9411 | D:7      | Bought a helmet for 81 gold pieces
  9701 | D:8      | Found a shimmering altar of Xom.
  9701 | D:8      | Found an iron altar of Okawaru.
  9713 | D:7      | Reached skill level 9 in Necromancy
 10995 | D:8      | Found a radiant altar of Vehumet.
 11039 | D:8      | Found a glowing golden altar of the Shining One.
 11172 | D:8      | Found a white marble altar of Elyvilon.
 11176 | D:8      | Noticed Grum
 11199 | D:8      | Reached skill level 5 in Dodging
 11201 | D:8      | Reached skill level 10 in Necromancy
 11210 | D:8      | Killed Grum
 11481 | D:8      | Reached XP level 10. HP: 77/77 MP: 19/19
 12502 | D:9      | Noticed Pikel
 12630 | D:9      | Found a staircase to the Lair.
 12820 | D:9      | Killed Pikel
 13057 | D:9      | Reached skill level 11 in Necromancy
 13423 | D:9      | Noticed a cyclops
 13423 | D:9      | Noticed a centaur warrior
 13423 | D:9      | Noticed a two-headed ogre
 13659 | D:9      | Got an ancient robe
 13661 | D:9      | Identified the +0 robe of the Fisher {+Inv rPois Regen+
                  | Stlth+} (You found it on level 9 of the Dungeon)
 13715 | D:10     | Entered Level 10 of the Dungeon
 14111 | D:10     | Noticed a two-headed ogre
 14362 | Lair:1   | Entered Level 1 of the Lair of Beasts
 14366 | Lair:1   | Noticed Nergalle
 14367 | Lair:1   | Noticed Gastronok
 14399 | D:9      | Killed Nergalle
 14399 | D:9      | Reached XP level 11. HP: 80/85 MP: 11/20
 14560 | D:9      | Noticed a two-headed ogre
 14572 | D:9      | Killed a two-headed ogre
 14827 | D:9      | Found a staircase to the Orcish Mines.
 14930 | D:9      | Reached skill level 5 in Long Blades
 15320 | D:9      | Reached skill level 12 in Necromancy
 15531 | D:10     | Killed a two-headed ogre
 15838 | D:10     | You fall into a shaft and drop 1 floor!
 15838 | D:11     | Noticed a two-headed ogre
 15848 | D:11     | Killed a two-headed ogre
 16046 | D:11     | Found a portal to a secret trove of treasure.
 16100 | D:11     | Noticed a five-headed hydra
 16353 | D:11     | Noticed a two-headed ogre
 16355 | D:11     | Noticed a green ugly thing
 16375 | D:11     | Killed a two-headed ogre
 16436 | D:11     | Killed a green ugly thing
 17699 | Lair:2   | You fall into a shaft and drop 1 floor!
 17970 | Lair:2   | Reached XP level 12. HP: 25/94 MP: 2/21
 18228 | Lair:2   | Noticed a queen ant
 18259 | Lair:2   | Reached skill level 13 in Necromancy
 18270 | Lair:2   | Killed a queen ant
 19499 | Lair:2   | Found a staircase to the Shoals.
 19515 | Lair:2   | Reached skill level 1 in Shields
 20405 | Lair:3   | Found a hole to the Spider Nest.
 21159 | Lair:3   | Slain by a torpor snail

Levels and vault maps discovered:
D:1:      onia_arrival_pentagram, layout_basic, wad_floor_pattern_2,
          minmay_pentomino_o4
D:2:      layout_basic, uniq_natasha, uniq_crazy_yiuf_cottage
D:3:      kennysheep_goblin_castle, layout_loops_corners, uniq_jessica
D:4:      layout_gridville, nicolae_overflow_crystal_walls,
          kiku_gazebo_garden_becter, old_standard_altar, fedhas_altar_1
D:5:      layout_loops_ring, marbit_many_paths, minmay_temple_entry_sparse_star,
          first_ration
D:6:      layout_basic, tgw_sif, nicolae_gozag_cash_rules_everything_around_me
D:7:      layout_layer_cave, serial_shops, nicolae_shop_stone
D:8:      layout_gridville, kennysheep_mini_moat, elyvilon_altar_3,
          chequers_temple_overflow_statue_of_worship, basic_altar, the_bakery,
          uniq_grum
D:9:      minmay_the_grid_triangle_9x9_rhombus_full
          [minmay_the_grid_triangle_9x9_limited_checkers,
          minmay_the_grid_triangle_9x9_steps,
          minmay_the_grid_triangle_9x9_windchime,
          minmay_the_grid_triangle_9x9_odd_lines,
          minmay_the_grid_triangle_9x9_negative_grid,
          minmay_the_grid_triangle_9x9_zippers_vertical,
          minmay_the_grid_triangle_9x9_sprig,
          minmay_the_grid_triangle_9x9_prize_top_heavy], layout_rooms,
          orc_0_dummy, uniq_pikel
D:10:     layout_long_grid, chequers_serial_rivers_small_3,
          nicolae_qazlal_general_emergency
D:11:     layout_long_grid, ebering_ghost_funeral_grove, trove_entry_hex_spiral
Temple:   nicolae_temple_figure_eight
Lair:1:   layout_chaotic_city, serial_bayou_shore_a, lemuel_fruit_fields,
          serial_bayou_shore_b, uniq_gastronok, uniq_nergalle
Lair:2:   layout_layer_cave, elwin_shoals_entry_stream, minivault_29
Lair:3:   layout_misc_corridors, spider_nest_entry_webs, lemuel_oklob_altar
Lair:4:   layout_cave_shapes, bobbens_ice_dragon_lair

Skill      XL: |  1  2  3  4  5  6  7  8  9 10 11 12 |
---------------+-------------------------------------+-----
Spellcasting   | 3 4 5 6 |  6.4
Fighting       | 1 2 3 4 5 6 7 8 9 |  9.7
Necromancy     | 5 6 7 8 10 11 12 13 | 13.3
Dodging        | 2 3 4 5 6 7 8 |  8.0
Long Blades    | 1 3 4 6 |  6.9
Shields        | 2 |  2.1
Stealth        | |  1.5

Action                   |  1- 3 |  4- 6 |  7- 9 | 10-12 || total
-------------------------+-------+-------+-------+-------++-------
Melee: Unarmed           |     8 |    58 |       |       ||    66
       Dagger            |       |    17 |       |       ||    17
       Trident           |       |    28 |    24 |       ||    52
       Long sword        |       |       |    66 |   345 ||   411
 Cast: Pain              |    67 |   162 |   223 |   320 ||   772
       Animate Skeleton  |     4 |     5 |       |       ||     9
       Animate Dead      |       |     6 |     1 |       ||     7
       Vampiric Draining |       |     3 |    18 |   173 ||   194
Invok: Call Merchant     |       |       |       |     1 ||     1
       Potion Petition   |       |       |       |     1 ||     1
  Use: Scroll            |       |     5 |     3 |     6 ||    14
 Stab: Distracted        |       |     1 |       |     2 ||     3
       Sleeping          |       |       |       |     3 ||     3
       Invisible         |       |       |       |     4 ||     4
Armor: Robe              |    10 |       |       |       ||    10
       Steam dragon scal |     3 |    55 |    78 |   229 ||   365
Dodge: Dodged            |    13 |   107 |   185 |   661 ||   966
Block: Buckler           |       |       |       |    12 ||    12
       Rpst.: Long sword |       |       |    47 |   203 ||   250
